 Dungeon Crawl Stone Soup version 0.30.0-5-g1a98f26d00 (webtiles) character file.

Game seed: 16270924830187120022

2045 Pimp the Covered (level 9, -5/82 HPs)
             Began as a Tengu Fighter on May 11, 2023.
             Was an Initiate of Gozag.
             Slain by a komodo dragon (22 damage)
             ... on level 6 of the Dungeon.
             The game lasted 00:15:34 (6430 turns).

Pimp the Covered (Tengu Fighter)                    Turns: 6430, Time: 00:15:35

Health: -5/82      AC: 24    Str: 14    XL:     9   Next: 24%
Magic:  11/11      EV:  2    Int: 18    God:    Gozag
Gold:   117        SH: 12    Dex: 15    Spells: 6/10 levels left

rFire   . . .        i - +7 dagger "Laefuu" {heavy, rC+}
rCold   + . .        d - +2 kite shield
rNeg    . . .        b - melded +0 scale mail
rPois   +            (helmet currently unavailable)
rElec   .            (cloak currently unavailable)
rCorr   .            u - melded +0 pair of gloves
SInv    .            (boots unavailable)
Will    .....        (no amulet)
Stlth   +            s - +6 ring of intelligence
HPRegen 0.33/turn    (no ring)
MPRegen 0.12/turn

%: no passive effects
@: tree-form, gold aura, unable to read
A: stationary, stasis, torment immunity, boosted hp, (beak), (talons 3), nimble
flight, weak 1, inability to read after injury 1
a: Renounce Religion, Potion Petition, Call Merchant, Bribe Branch


You were on level 6 of the Dungeon.
You worshipped Gozag.
Gozag was aware of your devotion.
You were a tree.
You visited 2 branches of the dungeon, and saw 9 of its levels.

You collected 352 gold pieces.
You spent 110 gold pieces at shops.
You paid 125 gold pieces to Gozag.

Inventory:

Hand Weapons
 a - a +0 long sword
 i - the +7 dagger "Laefuu" (weapon) {heavy, rC+}
   (You found it on level 6 of the Dungeon)

   rC:        It protects you from cold.
 n - a +4 short sword of speed
Armour
 b - a +0 scale mail (melded)
 c - a +2 buckler
 d - a +2 kite shield (worn)
 u - a +0 pair of gloves (melded)
Magical Staves
 f - a staff of death
Jewellery
 s - a +6 ring of intelligence (left branch)
Wands
 e - a wand of polymorph (16)
 q - a wand of charming (1) (quivered)
Scrolls
 h - 2 scrolls of enchant armour
 j - a scroll of silence
 m - a scroll of teleportation
 o - a scroll of identify
Potions
 g - a potion of lignification
 k - a potion of flight
 l - 2 potions of curing


   Skills:
 + Level 5.9 Fighting
 + Level 4.1(4.9) Short Blades
 - Level 4.0(4.8) Long Blades
 + Level 6.4 Armour
 * Level 6.1 Dodging
 + Level 5.8 Shields
 + Level 1.1 Spellcasting
 + Level 1.5 Air Magic


You had 6 spell levels left.
You knew the following spells:

 Your Spells              Type           Power      Damage    Failure   Level
a - Summon Lightning Spi  Summ/Air       3%         N/A       99%         4

Your spell library contained the following spells:

 Spells                   Type           Power      Damage    Failure   Level
 Magic Dart               Conj           0%         1d3       50%         1
 Blink                    Tloc           0%         N/A       65%         2
 Call Imp                 Summ           0%         N/A       65%         2
 Lesser Beckoning         Tloc           0%         N/A       65%         2
 Momentum Strike          Conj/Tloc      0%         3d8       65%         2
 Mephitic Cloud           Conj/Pois/Air  2%         N/A       80%         3
 Call Canine Familiar     Summ           0%         N/A       86%         3
 Dazzling Flash           Conj/Hex       0%         N/A       86%         3
 Portal Projectile        Hex/Tloc       0%         N/A       86%         3
 Volatile Blastmotes      Fire/Tloc      0%         2d10      86%         3
 Iskenderun's Mystic Bla  Conj/Tloc      0%         2d3       99%         4
 Leda's Liquefaction      Hex/Erth       0%         N/A       99%         4
 Starburst                Conj/Fire      0%         6d3       100%        6


Dungeon Overview and Level Annotations

Branches:
Dungeon (8/15)             Temple (1/1) D:6
   Lair: D:8-11

Altars:
Ashenzari
Cheibriados
Dithmenos
Elyvilon
Gozag
Hepliaklqana
Kikubaaqudgha
Makhleb
Nemelex Xobeh
Okawaru
Qazlal
Ru
Trog
Uskayaw
Vehumet
Xom
Yredelemnul
Zin

Shops:
D:6 :


Innate Abilities, Weirdness & Mutations

You are a tree.
Your roots penetrate the ground, keeping you stationary.
You cannot be teleported.
You are immune to unholy pain and torment.
Your maximum health is greatly increased.
Your equipment is partially melded.
((You have a beak for a mouth.))
((You have claws for feet.))
Your magical nature lets you fly swiftly and evasively.
You are weak. (Str -2)
You occasionally lose the ability to read scrolls when taking damage.


Message History

The orc wizard casts a spell at you. The puff of flame hits you.
The shadow slips into darkness.
The shadow flickers and vanishes!
Deactivating autopickup; reactivate with Ctrl-A.
You block the wight's attack. The komodo dragon barely misses you.
You fly upwards.
Reactivating autopickup.
There is a stone staircase leading down here.
You puncture the wight! You claw the wight, but do no damage.
The wight is severely damaged.
You block the wight's attack.
You closely miss the wight. You claw the wight.
You destroy the wight!
The komodo dragon bites you!!
Ouch! That really hurt!
You completely miss the komodo dragon. The komodo dragon barely misses you.
You hit the komodo dragon. Your kick misses the komodo dragon.
You peck the komodo dragon, but do no damage.
The komodo dragon is lightly wounded.
You block the komodo dragon's attack.
You hit the komodo dragon but do no damage.
You claw the komodo dragon. You peck the komodo dragon.
The komodo dragon is moderately wounded.
The komodo dragon bites you.
You hit the komodo dragon but do no damage.
You claw the komodo dragon, but do no damage.
The komodo dragon is moderately wounded.
The komodo dragon closely misses you. The komodo dragon bites you!
You feel threatened and lose the ability to read scrolls!
* * * LOW HITPOINT WARNING * * *
Okay, then.
You cannot read scrolls in your current state!
Really quaff the potion of lignification?
You turn into a tree.
Your +0 pair of gloves melds into your body.
Your +0 scale mail melds into your body.
Your roots penetrate the ground.
The komodo dragon bites you!!
You die...
Your body crumbles into a pile of gold.

'#####...##.#.#....#.##########
...# ###.##.#.#....#..........#
...# #...##.#.#^.#<#########.##
...# #.#.##.#...#....# #.# ...#
#.#........#..#.# #.# ...#
#.####...#.####.#######.#
.#####........#............#.#
....########.>######...###.#.#
....# #.....l♣............#
....# #.#########.....########
....# #.#......##..#..........
..### #.#......##.....########
.## #.#...#...........# # .#
#)#<..#...#.......# # .#
#)#.###...#..####.## # .#
#.#.......#..####..## ## .#
#.......#.#...##....###.


You could see a komodo dragon.

Vanquished Creatures
  Sigmund (D:3)
  A steam dragon (D:6)
  A black bear (D:6)
  A centaur (D:6)
  4 ogres
  A phantom (D:6)
  A kobold brigand (D:6)
  A bullfrog (D:8)
  3 scorpions
  A wight (D:6)
  3 jellies
  A gnoll bouda (D:6)
  3 hounds
  4 iguanas
  A sleepcap (D:6)
  Natasha (thrice) (D:4)
  3 orc wizards
  Robin (D:3)
  10 adders
  7 gnolls
  A white imp (D:6)
  An ufetubus (D:5)
  2 worms
  2 dart slugs
  18 orcs
  8 ball pythons
  11 bats
  3 endoplasms
  4 giant cockroaches
  14 goblins
  4 hobgoblins
  11 jackals
  5 quokkas
  2 frilled lizards (D:2)
  7 kobolds
  6 rats
150 creatures vanquished.

Vanquished Creatures (collateral kills)
  An orc wizard (D:5)
  An orc (D:5)
2 creatures vanquished.

Vanquished Creatures (others)
  A goblin (D:3)
1 creature vanquished.

Grand Total: 153 creatures vanquished

Notes
Turn   | Place    | Note
-------+----------+-------------------------------------------
     0 | D:1      | Pimp the Tengu Fighter began the quest for the Orb.
     0 | D:1      | Reached XP level 1. HP: 14/14 MP: 2/2
    63 | D:1      | Reached XP level 2. HP: 19/19 MP: 3/3
   440 | D:1      | Reached XP level 3. HP: 22/23 MP: 4/4
   853 | D:2      | Reached XP level 4. HP: 21/28 MP: 5/5
   897 | D:2      | Found a shimmering altar of Xom.
  1108 | D:2      | Found a faded altar of an unknown god.
  1292 | D:3      | Noticed Sigmund
  1316 | D:3      | Killed Sigmund
  1317 | D:3      | Gained mutation: Your magical nature lets you fly swiftly
                  | and evasively. [Tengu growth]
  1317 | D:3      | Reached XP level 5. HP: 25/33 MP: 6/6
  1317 | D:3      | Reached XP level 6. HP: 29/38 MP: 7/7
  1423 | D:3      | Found a sacrificial altar of Ru.
  1579 | D:3      | Noticed Robin
  1597 | D:3      | Killed Robin
  1925 | D:3      | Found a faded altar of an unknown god.
  1928 | D:3      | Found a radiant altar of Vehumet.
  2050 | D:4      | Reached skill level 1 in Dodging
  2110 | D:4      | Reached skill level 1 in Short Blades
  2123 | D:4      | Reached XP level 7. HP: 38/44 MP: 8/8
  2185 | D:4      | Noticed Natasha
  2189 | D:4      | Killed Natasha
  2190 | D:4      | Reached skill level 5 in Armour
  2208 | D:4      | Noticed Natasha
  2216 | D:4      | Killed Natasha
  2258 | D:4      | Noticed Natasha
  2260 | D:4      | Killed Natasha
  2693 | D:5      | Entered Level 5 of the Dungeon
  2700 | D:5      | Found a sacrificial altar of Ru.
  3015 | D:5      | Found a basalt altar of Yredelemnul.
  3080 | D:5      | Reached XP level 8. HP: 15/48 MP: 9/9
  3348 | D:5      | Reached skill level 5 in Fighting
  3606 | D:5      | Gained mutation: You are weak. (Str -2) [potion of
                  | mutation]
  3606 | D:5      | Gained mutation: You occasionally lose the ability to read
                  | scrolls when taking damage. [potion of mutation]
  3666 | D:5      | Reached skill level 5 in Shields
  3788 | D:5      | You are sucked into a shaft and drop 3 floors!
  4291 | D:6      | Reached skill level 5 in Dodging
  4395 | D:6      | Found Hagash's Tiny Tomes.
  5077 | D:6      | Found a staircase to the Ecumenical Temple.
  5083 | Temple   | Entered the Ecumenical Temple
  5110 | Temple   | Became a worshipper of Gozag Ym Sagoz the Greedy
  5301 | D:6      | Identified the +7 dagger "Laefuu" {heavy, rC+}
  5496 | D:6      | Bought the Omnibus of Astrapomancy for 110 gold pieces
  5501 | D:6      | Learned a level 4 spell: Summon Lightning Spire
  5542 | D:6      | Reached XP level 9. HP: 22/55 MP: 10/10
  6114 | D:6      | Reached skill level 1 in Air Magic
  6255 | D:7      | Noticed a komodo dragon
  6267 | D:6      | Reached skill level 1 in Spellcasting
  6430 | D:6      | Slain by a komodo dragon

Illustrated notes

Levels and vault maps discovered:
D:1:      tarquinn_simple_flora_water_a, layout_loops_ring, glass_columns_a
D:2:      layout_basic, basic_altar, basic_ecumenical_altar
D:3:      layout_rooms, nicolae_ru_path_of_blood,
          nicolae_overflow_ecumenical_swirl, uniq_robin, uniq_sigmund
D:4:      layout_basic, uniq_natasha
D:5:      layout_basic, hangedman_feature_mirror
D:6:      layout_basic, minmay_temple_entry_fiery,
          nicolae_shop_i_like_small_books_too, feat_on_display
D:7:      cheibrodos_fzero, layout_rooms, grunt_tough_drop,
          uniq_crazy_yiuf_cottage
D:8:      layout_gridville, nicolae_tso_carved_into_rock,
          chequers_temple_overflow_statue_of_worship, serial_shops,
          nicolae_shop_statue_plus, minmay_fractal_squares_5
Temple:   lightli_temple_of_artemis

Skill      XL: |  1  2  3  4  5  6  7  8  9 |
---------------+----------------------------+-----
Long Blades    | 3 4 |  4.0
Armour         | 4 5 6 |  6.4
Fighting       | 4 5 |  5.9
Shields        | 4 5 |  5.8
Dodging        | 1 3 5 6 |  6.1
Short Blades   | 1 2 3 4 |  4.1
Air Magic      | 1 |  1.5
Spellcasting   | 1 |  1.1

Action                     |  1- 3 |  4- 6 |  7- 9 || total
---------------------------+-------+-------+-------++-------
  Melee: Long sword        |    77 |    29 |       ||   106
         Kick              |    10 |    37 |   102 ||   149
         Peck              |    11 |    19 |    52 ||    82
         Short sword       |       |   120 |   242 ||   362
         Dagger            |       |       |    36 ||    36
  Evoke: Wand              |       |       |     4 ||     4
    Use: Scroll            |       |     7 |     4 ||    11
         Potion            |       |     6 |     8 ||    14
 Armour: Scale mail        |    62 |    73 |    56 ||   191
         Skin              |       |    12 |       ||    12
  Dodge: Dodged            |    38 |    62 |    93 ||   193
  Block: Buckler           |    19 |    45 |       ||    64
         Kite shield       |       |    20 |   145 ||   165
